 Dungeon Crawl Stone Soup version 0.16.2-12-gd0ad4c3 (webtiles) character file.

221 dvd the Chucker (level 5, -6/54 HPs)
             Began as an Ogre Hunter on Sept 12, 2015.
             Mangled by Menkaure (19 damage)
             ... on level 7 of the Dungeon.
             The game lasted 00:20:10 (3766 turns).

dvd the Chucker (Ogre Hunter)                       Turns: 3766, Time: 00:20:10

Health: -6/54      AC:  4    Str: 18    XL:     5   Next: 98%
Magic:  5/5        EV: 10    Int: 10    God:
Gold:   128        SH:  0    Dex: 10    Spells: 0 memorised, 4 levels left

rFire  . . .     SeeInvis .     a - +1 flail (holy)
rCold  . . .     Clarity  .     d - +1 animal skin
rNeg   . . .     SustAb   .     (shield restricted)
rPois  .         Gourm    .     (helmet restricted)
rElec  .         Spirit   .     (no cloak)
rCorr  .         Warding  .     (gloves unavailable)
rMut   .         Stasis   .     (boots unavailable)
MR     .....                    (no amulet)
Stlth  +.........               (no ring)
                                (no ring)

@: not resistant to hostile enchantments, very unstealthy
A: unfitting armour, tough skin 1
a: no special abilities


You were on level 7 of the Dungeon.
You were hungry.

You visited 1 branch of the dungeon, and saw 5 of its levels.

You collected 128 gold pieces.

Inventory:

Hand weapons
 a - a +1 flail of holy wrath (weapon)
 u - a +2 short sword of freezing
 y - a +0 war axe of venom
Missiles
 A - a large rock (quivered)
Armour
 d - a +1 animal skin (worn)
Magical devices
 v - a wand of confusion (11)
Scrolls
 c - a scroll of fear {unknown}
 i - 2 scrolls of teleportation
 j - 5 scrolls of identify
 n - a scroll of remove curse
Potions
 b - a potion of might {unknown}
 h - 2 potions of agility {unknown}
 k - 2 potions of poison {unknown}
 l - a potion of resistance {unknown}
 p - 4 potions of curing {unknown}
 B - a potion of magic {unknown}
Books
 q - a book of Callings

   Spells                             Type                      Level
   a - Summon Small Mammal            Summoning                    1
   b - Call Imp                       Summoning                    2
   c - Call Canine Familiar           Summoning                    3
   d - Summon Guardian Golem          Hexes/Summoning              4
   e - Summon Lightning Spire         Summoning/Air                4
   f - Summon Ice Beast               Ice/Summoning                4
Comestibles
 f - 3 meat rations
 r - 5 bread rations
 t - a royal jelly
 w - 4 fruits
 z - a slice of pizza


   Skills:
 + Level 3.9 Fighting
 + Level 0.5 Short Blades
 + Level 0.6 Maces & Flails
 + Level 5.9 Throwing
 + Level 3.0 Dodging
 + Level 1.7 Stealth


You had 4 spell levels left.
You didn't know any spells.

Dungeon Overview and Level Annotations

Branches:
Dungeon (7/15)
 Temple: D:4-7

Altars:
Xom

Annotations:
D:2 1 exclusion
D:7 Menkaure


Innate Abilities, Weirdness & Mutations

You are too large for most types of armour.
You have tough skin (AC +1).


Message History

The rat bites you. The rat bites you but does no damage.
Menkaure casts a spell.
Menkaure seems to speed up.
The rat barely misses you. The rat closely misses you.
You closely miss the rat. The rat barely misses you. The rat bites you.
Menkaure murmurs a few words.
The rat bites you but does no damage.
You closely miss the rat. The rat bites you but does no damage.
You barely miss the rat. The rat bites you. The rat closely misses you.
Menkaure calls on the powers of darkness!
Your body is wracked with pain!
You hit the rat.
You kill the rat!
You sock Menkaure!
Menkaure convulses!
Menkaure is heavily damaged.
Menkaure hits you!
* * * LOW HITPOINT WARNING * * *
Menkaure hits you!!
You die...

# #####..#
#.@....#
#M###.###. #.#
...... #.#
....... #
#.###...._..
#..#...........
#...............
+...............
#...........####


You could see Menkaure.

Vanquished Creatures
  An orc priest (D:3)
  A centaur skeleton (D:4)
  A worker ant (D:4)
  The ghost of dscm the Digger, a weakling OpEE (D:4)
  4 adders
  A worm (D:4)
  A giant gecko (D:2)
  5 oozes
  8 orcs
  A ball python (D:3)
  5 bats
  5 hobgoblins
  3 jackals (D:4)
  A quokka (D:2)
  5 giant cockroaches
  4 giant newts
  A giant spore (D:3)
  6 goblins
  11 kobolds
  A quokka skeleton (D:4)
  13 rats
79 creatures vanquished.

Vanquished Creatures (others)
  An adder skeleton (D:4)
1 creature vanquished.

Grand Total: 80 creatures vanquished

Notes
Turn   | Place    | Note
--------------------------------------------------------------
     0 | D:1      | dvd, the Ogre Hunter, began the quest for the Orb.
     0 | D:1      | Reached XP level 1. HP: 22/22 MP: 1/1
   278 | D:1      | Reached XP level 2. HP: 29/29 MP: 2/2
   870 | D:2      | Reached skill level 5 in Throwing
   921 | D:2      | Reached XP level 3. HP: 37/37 MP: 3/3
  1973 | D:3      | Reached XP level 4. HP: 32/45 MP: 4/4
  2545 | D:3      | Reached skill level 1 in Stealth
  2638 | D:3      | Reached XP level 5. HP: 36/53 MP: 5/5
  3577 | D:4      | Noticed dscm's ghost (weakling OpEE)
  3589 | D:4      | Killed dscm's ghost
  3750 | D:4      | You fall through a shaft for 3 floors!
  3750 | D:7      | Found a shimmering altar of Xom.
  3750 | D:7      | Noticed Menkaure
  3766 | D:7      | Mangled by Menkaure

Action                   |  1- 3 |  4- 6 || total
-------------------------+-------+-------++-------
Melee: Unarmed           |    26 |       ||    26
       Short sword       |    53 |    29 ||    82
       Flail             |       |    56 ||    56
Throw: Large rock        |    68 |    22 ||    90
       Throwing net      |    10 |     2 ||    12
  Use: Scroll            |       |     9 ||     9
 Stab: Held in net/web   |     1 |     1 ||     2
       Sleeping          |     1 |     1 ||     2
  Eat: Chunk             |     3 |     5 ||     8
